 Dungeon Crawl Stone Soup version 0.29.1-2-gbd0b4ee654 (webtiles) character file.

Game seed: 5286422908797643940

4572 Twinkles the Covert (level 10, 0/65 HPs)
             Began as a Vampire Enchanter on Oct 29, 2022.
             Was a Follower of Kikubaaqudgha.
             Succumbed to a killer bee's poison
             ... on level 9 of the Dungeon on Nov 1, 2022.
             The game lasted 01:13:24 (11142 turns).

Twinkles the Covert (Vampire Enchanter)            Turns: 11142, Time: 01:13:25

Health: 0/65       AC:  7    Str: 11    XL:     10   Next: 18%
Magic:  14/16      EV: 15    Int: 20    God:    Kikubaaqudgha [*.....]
Gold:   514        SH:  0    Dex: 17    Spells: 5/17 levels left

rFire   . . .      SeeInvis +   a - +2 dagger (venom)
rCold   . . .      Faith    .   (no shield)
rNeg    . . .      Spirit   .   j - +0 leather armour of Weightlessness {Will- Str+4 Slay+5 Stlth+}
rPois   .          Reflect  .   z - +0 helmet
rElec   .          Harm     .   w - +0 cloak
rCorr   .          Rampage  .   H - +0 pair of gloves
Will    .....                   y - +0 pair of boots
Stlth   ++++++....              (no amulet)
HPRegen 0.40/turn               (no ring)
MPRegen 0.15/turn               (no ring)

@: lethally poisoned (0 -> -5), healing quickly, studying Stealth, invisible
A: alive, fangs 3, see invisible, vampiric 2, [frail 1]
a: Exsanguinate, Renounce Religion, Unearth Wretches


You were on level 9 of the Dungeon.
You worshipped Kikubaaqudgha.
Kikubaaqudgha was aware of your devotion.
You visited 2 branches of the dungeon, and saw 11 of its levels.

You collected 624 gold pieces.
You spent 110 gold pieces at shops.

Inventory:

Hand Weapons
 a - a +2 dagger of venom (weapon)
 b - a +0 scimitar of flaming
 o - a +1 mace of pain
 t - a +0 rapier
 N - a +0 dagger of electrocution
Missiles
 d - 27 poisoned darts
 f - 61 stones
Armour
 j - the +0 leather armour of Weightlessness (worn) {Will- Str+4 Slay+5 Stlth+}
   (You found it on level 3 of the Dungeon)

   Str:       It affects your strength (+4).
   Slay:      It affects your accuracy & damage with ranged weapons and melee
   (+5).
   Will:      It decreases your willpower.
   Stlth:     It makes you more stealthy.
 r - a +2 robe
 u - the +1 robe of Modesty {Str+3}
   (You found it on level 4 of the Dungeon)

   Str:       It affects your strength (+3).
 w - a +0 cloak (worn)
 y - a +0 pair of boots (worn)
 z - a +0 helmet (worn)
 H - a +0 pair of gloves (worn)
 I - +0 acid dragon scales
Jewellery
 D - an amulet of reflection
 K - a ring of fire
Wands
 q - a wand of flame (35)
Scrolls
 h - 2 scrolls of poison
 k - 2 scrolls of enchant armour {unknown}
 l - 4 scrolls of teleportation
 A - a scroll of torment
 C - a scroll of noise {unknown}
 E - a scroll of brand weapon {unknown}
 F - a scroll of butterflies {unknown}
 J - a scroll of vulnerability {unknown}
 O - 3 scrolls of enchant weapon {unknown}
 P - a scroll of identify
Potions
 c - a potion of invisibility
 e - a potion of magic {unknown}
 g - 4 potions of heal wounds
 i - a potion of experience {unknown}
 m - a potion of ambrosia {unknown}
 n - 3 potions of flight
 p - 4 potions of brilliance
 s - a potion of haste {unknown}
 v - a potion of cancellation {unknown}
 x - a potion of curing
 B - 2 potions of lignification
 G - 3 potions of might {unknown}
 M - a potion of berserk rage {unknown}
 Q - a potion of mutation {unknown}


   Skills:
 + Level 4.4 Fighting
 - Level 5.4(6.3) Short Blades
 + Level 4.2(5.3) Long Blades
 + Level 7.6 Dodging
 + Level 11.6 Stealth
 + Level 4.0 Spellcasting
 - Level 6.2 Hexes
 + Level 6.3 Necromancy


You had 5 spell levels left.
You knew the following spells:

 Your Spells              Type           Power      Damage    Failure   Level
a - Ensorcelled Hibernat  Hex/Ice        32%        N/A       7%          2
b - Confusing Touch       Hex            29%        N/A       3%          3
c - Tukima's Dance        Hex            29%        N/A       3%          3
d - Necrotise             Necr           100%       1d9       1%          1
e - Vampiric Draining     Necr           29%        2d8       3%          3

Your spell library contained the following spells:

 Spells                   Type           Power      Damage    Failure   Level
 Sublimation of Blood     Necr           29%        N/A       1%          2
 Anguish                  Hex/Necr       14%        N/A       13%         4
 Dazzling Flash           Conj/Hex       32%        N/A       14%         3
 Summon Guardian Golem    Hex/Summ       16%        N/A       14%         3
 Sandblast                Erth           8%         2d5       17%         1
 Passwall                 Tmut/Erth      3%         N/A       26%         2
 Agony                    Necr           29%        N/A       34%         5
 Gell's Gravitas          Tloc           4%         N/A       45%         3
 Stone Arrow              Conj/Erth      8%         3d7       45%         3
 Teleport Other           Tloc           4%         N/A       45%         3
 Dispersal                Tloc           2%         N/A       100%        6
 Orb of Destruction       Conj           2%         9d5       100%        7
 Spellforged Servitor     Conj/Summ      2%         N/A       100%        7


Dungeon Overview and Level Annotations

Branches:
Dungeon (10/15)            Temple (1/1) D:6
   Lair: D:8-11         Orc: D:9-12

Altars:
Ashenzari
Cheibriados
Dithmenos
Fedhas
Gozag
Hepliaklqana
Kikubaaqudgha
Makhleb
Nemelex Xobeh
Okawaru
Qazlal
Ru
Sif Muna
Trog
Uskayaw
Vehumet
Wu Jian
Xom
Yredelemnul

Shops:
D:9 ([

Portals:
Bailey: D:10

Annotations:
D:9 exclusions: boulder beetle and centaur


Innate Abilities, Weirdness & Mutations

Your natural rate of healing is accelerated.
You have razor-sharp teeth.
You have supernaturally acute eyesight. (SInv)
You are afflicted with vampirism and can become a bat while bloodless.
[You are frail. (-10% HP)]


Message History

The killer bee is heavily wounded.
The killer bee stings you but does no damage.
The killer bee stings you. The wyvern bites you! The killer bee stings you!
The killer bee barely misses you. The wyvern attacks as you move away!
The wyvern bites you.
* * * LOW HITPOINT WARNING * * *
You kill the killer bee!
Kikubaaqudgha accepts your kill. The killer bee misses you.
The wyvern bites you.
* * * LOW HITPOINT WARNING * * *
The killer bee stings you.
* * * LOW HITPOINT WARNING * * *
You are poisoned.
The killer bee poisons you!
You feel better. The killer bee stings you. The wyvern closely misses you.
The killer bee closely misses you. The wyvern bites you.
The killer bee misses you. The wyvern bites you!
* * * LOW HITPOINT WARNING * * *
The killer bee closely misses you.
Casting: Confusing Touch (dangerous; 3% risk of failure)
Press: ? - help, Q - select action, (/) - cycle Dir - look around, f - activate Your hands begin to glow red.
The killer bee stings you.
* * * LOW HITPOINT WARNING * * *
The killer bee stings you.
* * * LOW HITPOINT WARNING * * *
You hit the killer bee but do no damage.
The killer bee appears confused.
The killer bee stings the wyvern!
The wyvern looks even sicker.
The killer bee poisons the wyvern!
The killer bee barely misses itself.
As you read the scroll of fear, it crumbles to dust.
You assume a fearsome visage.
The killer bee looks frightened!
The killer bee misses you. The killer bee stings you.
* * * LOW HITPOINT WARNING * * *
You are lethally poisoned!
The killer bee poisons you!
You fade into invisibility!
You die...
Kikubaaqudgha rasps: "You have failed me!
Welcome... death!"

#...# #..# #.# #.### ###.#
#..# #.# #.... #.# #..#
##.## ##### #.# #..#
###...### #.# #..#
#...#...########## ### #.##
#..# #.#>.)#)..........
..###..###..#
#.##.#############
#...........####y##.########
#
.#####........).@..........#
## .#
###..########.#########.#
###. .# #....# #.# #.# #..#
.# #.##.# #.# #.# #.#. .#
#.##.# #.### #.###.## .#
#.##.# #...# #.....## .#
#.##.# ###.# ####### .#
#.##.# #.# .###.##.# #.#
#####


You could see a killer bee (confused, unable to see you, fleeing).

Vanquished Creatures
  A komodo dragon (D:10)
  A troll (D:10)
  A wyvern (D:8)
  2 steam dragons
  An acid dragon (D:8)
  A water moccasin (D:7)
  Duvessa (D:6)
  5 orc warriors
  A sky beast (D:6)
  2 ogres (D:5)
  3 ice beasts
  A black bear (D:6)
  3 centaurs
  A phantom (D:6)
  2 kobold brigands (D:9)
  Blork the orc (D:6)
  3 bullfrogs
  3 scorpions
  2 necrophages
  Dowan (D:6)
  8 killer bees
  A hound (D:5)
  A jelly (D:4)
  Crazy Yiuf (D:3)
  6 orc priests
  A gnoll bouda (D:5)
  Jessica (D:2)
  3 iguanas
  9 orc wizards
  3 gnolls (D:5)
  2 adders
  2 ufetubi
  A worm (D:2)
  2 dart slugs
  41 orcs
  10 ball pythons
  13 endoplasms
  3 giant cockroaches
  4 goblins
  8 hobgoblins
  14 jackals
  5 quokkas
  5 bats
  A frilled lizard (D:2)
  14 kobolds
  6 rats
201 creatures vanquished.

Vanquished Creatures (collateral kills)
  2 orcs (D:8)
2 creatures vanquished.

Vanquished Creatures (others)
  4 fungi (D:3)
  A plant (D:9)
5 creatures vanquished.

Grand Total: 208 creatures vanquished

Notes
Turn   | Place    | Note
-------+----------+-------------------------------------------
     0 | D:1      | Twinkles the Vampire Enchanter began the quest for the Orb.
     0 | D:1      | Reached XP level 1. HP: 13/13 MP: 3/3
   174 | D:1      | Reached XP level 2. HP: 16/20 MP: 5/5
   228 | D:1      | Learned a level 2 spell: Ensorcelled Hibernation
   620 | D:1      | Gained mutation: You are afflicted with vampirism and can
                  | become a bat while bloodless. [Vampire growth]
   620 | D:1      | Reached XP level 3. HP: 16/25 MP: 3/6
   875 | D:1      | Reached skill level 1 in Fighting
   952 | D:2      | Reached skill level 5 in Stealth
  1212 | D:2      | Learned a level 3 spell: Confusing Touch
  1347 | D:2      | Reached skill level 5 in Hexes
  1544 | D:2      | Reached XP level 4. HP: 32/32 MP: 7/7
  1847 | D:2      | Noticed Jessica
  1871 | D:2      | Killed Jessica
  1991 | D:2      | Found a faded altar of an unknown god.
  2164 | D:3      | Identified the +0 leather armour of Weightlessness {Will-
                  | Str+4 Slay+5 Stlth+}
  2278 | D:3      | Found a shimmering blue altar of Sif Muna.
  2303 | D:3      | Found a basalt altar of Yredelemnul.
  2354 | D:3      | You fall into a shaft and drop 2 floors!
  2354 | D:5      | Entered Level 5 of the Dungeon
  2356 | D:5      | Noticed a scorpion
  2369 | D:5      | Reached XP level 5. HP: 31/38 MP: 4/8
  2446 | D:5      | Reached skill level 6 in Stealth
  2540 | D:4      | Reached XP level 6. HP: 33/44 MP: 9/9
  2639 | D:4      | Found a blossoming altar of Fedhas.
  2774 | D:4      | Found a sacrificial altar of Ru.
  2778 | D:4      | Found a bloodstained altar of Trog.
  2780 | D:4      | Found a hide-covered altar of Uskayaw.
  2786 | D:4      | Found a burning altar of Makhleb.
  2807 | D:4      | Identified the +1 robe of Modesty {Str+3}
  3939 | D:3      | Found a runed translucent door.
  3940 | D:3      | Noticed Crazy Yiuf
  3959 | D:3      | Killed Crazy Yiuf
  4533 | D:5      | Learned a level 3 spell: Tukima's Dance
  4535 | D:5      | Learned a level 1 spell: Necrotise
  4712 | D:5      | Found a sparkling altar of Nemelex Xobeh.
  4731 | D:5      | Reached skill level 7 in Stealth
  4731 | D:5      | Reached skill level 1 in Necromancy
  4731 | D:5      | Reached XP level 7. HP: 50/50 MP: 7/10
  5231 | D:6      | Noticed Blork the orc
  5233 | D:6      | Killed Blork the orc
  5434 | D:6      | Noticed a steam dragon
  5580 | D:5      | Reached skill level 5 in Dodging
  5795 | D:5      | Reached skill level 8 in Stealth
  5810 | D:5      | Reached XP level 8. HP: 29/56 MP: 6/11
  5980 | D:6      | Reached skill level 5 in Short Blades
  6131 | D:6      | Noticed Duvessa
  6135 | D:6      | Noticed Dowan
  6147 | D:6      | Killed Duvessa
  6148 | D:6      | Reached skill level 9 in Stealth
  6280 | D:6      | Killed Dowan
  6660 | D:6      | Reached skill level 1 in Long Blades
  6850 | D:6      | Found a staircase to the Ecumenical Temple.
  6859 | Temple   | Entered the Ecumenical Temple
  6867 | Temple   | Became a worshipper of Kikubaaqudgha
  6943 | D:6      | Found an iron altar of Okawaru.
  7261 | D:7      | Noticed a troll
  7357 | D:7      | Reached XP level 9. HP: 62/62 MP: 12/12
  7783 | D:7      | Reached skill level 10 in Stealth
  7838 | D:7      | Reached skill level 5 in Necromancy
  7868 | D:7      | Learned a level 3 spell: Vampiric Draining
  9066 | D:8      | Reached * piety under Kikubaaqudgha
  9066 | D:8      | Received a gift from Kikubaaqudgha
  9683 | D:9      | Identified the +1 scale mail of the Stag {rF- rC++ Int+4}
  9709 | D:9      | Reached skill level 11 in Stealth
  9915 | D:9      | Noticed a boulder beetle
 10038 | D:9      | Reached XP level 10. HP: 35/57 MP: 12/15
 10166 | D:9      | Found Tymis's Hydra Hut.
 10168 | D:9      | Noticed a four-headed hydra
 10176 | D:9      | Bought a +0 scimitar of flaming for 110 gold pieces
 10654 | D:9      | Found Dusierre's Antique Armour Boutique.
 10906 | D:10     | Entered Level 10 of the Dungeon
 10923 | D:10     | Found a flagged portal.
 11136 | D:9      | HP: 2/65 [killer bee (5)]
 11141 | D:9      | HP: 1/65 [killer bee (3)]
 11142 | D:9      | Succumbed to a killer bee's poison

Illustrated notes

Levels and vault maps discovered:
D:1:      minmay_arrival_five_plusses, layout_rooms
D:2:      minmay_recursive_quarters, layout_loops_ring,
          hellmonk_ecumenical_altar_defaced_shrine, uniq_jessica
D:3:      layout_basic, mainiacjoe_overflow_large_starburst,
          uniq_crazy_yiuf_cottage
D:4:      layout_cave_pools, nicolae_overflow_hallway_of_the_gods
D:5:      layout_basic, nemelex_altar_shiori, bh_walls_and_bars
D:6:      hellmonk_ruined_rings, layout_rooms, mainiacjoe_overflow_alcove_2,
          elyvilon_altar_1, temple_hall, uniq_duvessa, uniq_blork_the_orc
D:7:      layout_layer_cave
D:8:      layout_loops_ring
D:9:      layout_loops_ring, serial_shops, shop, hangedman_decor_push,
          doesnt_shop_hydraphobe
D:10:     layout_cross, lair_entry_dummy, enter_bailey_2, serial_bayou_pond_e
Temple:   nicolae_temple_no_exploring_needed

Skill      XL: |  1  2  3  4  5  6  7  8  9 10 |
---------------+-------------------------------+-----
Fighting       | 1 2 4 |  4.4
Stealth        | 5 6 7 8 9 11 | 11.6
Short Blades   | 2 3 4 5 |  5.4
Hexes          | 5 6 |  6.2
Dodging        | 3 4 5 6 7 |  7.6
Necromancy     | 1 3 4 6 |  6.3
Long Blades    | 2 3 4 |  4.2
Spellcasting   | 3 4 |  4.0

Action                   |  1- 3 |  4- 6 |  7- 9 | 10-12 || total
-------------------------+-------+-------+-------+-------++-------
Melee: Dagger            |   111 |   170 |   296 |    19 ||   596
       Bite              |     8 |    28 |    45 |     5 ||    86
       Punch             |       |     3 |     8 |       ||    11
       Mace              |       |       |    10 |       ||    10
       Scimitar          |       |       |       |     7 ||     7
Throw: Dart              |     3 |       |       |     1 ||     4
       Stone             |    11 |     2 |       |       ||    13
 Cast: Ensorcelled Hiber |    11 |       |     1 |       ||    12
       Confusing Touch   |       |    13 |    54 |     6 ||    73
       Necrotise         |       |       |    11 |       ||    11
       Tukima's Dance    |       |       |     3 |       ||     3
 Abil: Exsanguinate      |       |       |     1 |       ||     1
       Revivify          |       |       |       |     1 ||     1
  Use: Scroll            |       |     3 |     6 |     2 ||    11
       Potion            |       |       |     1 |     2 ||     3
 Stab: Sleeping          |     9 |    15 |    12 |     1 ||    37
       Confused          |       |     7 |    28 |     3 ||    38
Armor: Robe              |    10 |    14 |    32 |       ||    56
       Leather armour    |       |       |    18 |     3 ||    21
Dodge: Dodged            |    62 |    96 |   180 |    39 ||   377
